 Dungeon Crawl Stone Soup version 0.13.0-6-g40e4d2d (webtiles) character file.

40 4tharraofdagon the Firebug (level 3, -3/21 HPs)
             Began as an Octopode Fire Elementalist on Oct 15, 2013.
             Was an Initiate of Vehumet.
             Killed from afar by an orc wizard (7 damage)
             ... with a puff of flame
             ... on Level 4 of the Dungeon.
             The game lasted 00:03:20 (689 turns).

4tharraofdagon the Firebug (OpFE)                    Turns: 689, Time: 00:03:20

HP  -3/21        AC  1     Str  7      XL: 3   Next: 27%
MP   5/6         EV 12     Int 18      God: Vehumet [......]
Gold 8           SH  0     Dex 12      Spells:  2 memorised,  2 levels left

Res.Fire  : . . .   See Invis. : .   d - +2,+0 dagger (elec)
Res.Cold  : . . .   Warding    : .   (no shield)
Life Prot.: . . .   Conserve   : .   (helmet restricted)
Res.Poison: .       Res.Corr.  : .   (no amulet)
Res.Elec. : .       Clarity    : .   (no ring)
Sust.Abil.: . .     Spirit.Shd : .   (no ring)
Res.Mut.  : .       Stasis     : .   (no ring)
Res.Rott. : .       Flight     : .   (no ring)
Saprovore : . . .                    (no ring)
                                     (no ring)
                                     (no ring)
                                     (no ring)

@: not resistant to hostile enchantments, quite stealthy
A: almost no armour, amphibious, 8 rings, constrict 8, camouflage 1, AC +1
a: Renounce Religion


You were on level 4 of the Dungeon.
You worshipped Vehumet.
Vehumet was noncommittal.
You were not hungry.

You visited 2 branches of the dungeon, and saw 5 of its levels.

You collected 21 gold pieces.
You spent 33 gold pieces at shops.

Inventory:

Hand weapons
 d - a +2,+0 dagger of electrocution (weapon)
 i - a +0,+1 elven dagger of venom (quivered)
Comestibles
 c - 3 bread rations
 f - a meat ration
 n - a pear
Scrolls
 a - 2 scrolls of enchant armour {unknown}
 e - 2 scrolls of blinking {unknown}
 k - 2 scrolls of recharging {unknown}
 l - a scroll of enchant weapon II {unknown}
 o - a scroll of teleportation
Potions
 g - 2 potions of curing {unknown}
 h - a potion of brilliance {unknown}
 j - 2 potions of restore abilities {unknown}
 m - a potion of confusion {unknown}
Books
 b - a book of Flames

   Spells                             Type                      Level
   *Flame Tongue                      Conjuration/Fire             1
   Throw Flame                        Conjuration/Fire             2
   *Conjure Flame                     Conjuration/Fire             3
   Inner Flame                        Hexes/Fire                   3
   Sticky Flame                       Conjuration/Fire             4
   Fireball                           Conjuration/Fire             5


   Skills:
 - Level 2.0 Dodging
 - Level 2.6 Stealth
 + Level 2.0 Spellcasting
 * Level 1.8 Conjurations
 * Level 3.3 Fire Magic


You had 2 spell levels left.
You knew the following spells:

 Your Spells              Type           Power        Failure   Level  Hunger
a - Flame Tongue          Conj/Fire      ##...        8%          1    #......
b - Conjure Flame         Conj/Fire      ##......     21%         3    ####...


Dungeon Overview and Level Annotations

Branches:
Dungeon (4/27)             Temple (1/1) D:4

Altars:
Fedhas
Makhleb
Nemelex Xobeh
Sif Muna
Trog
Vehumet
Xom
the Shining One

Shops:
D:4 ?


Innate Abilities, Weirdness & Mutations

You cannot wear most types of armour.
You are amphibious.
You can wear up to eight rings at the same time.
You can use your tentacles to constrict many enemies at once.
Your skin changes colour to match your surroundings (Stlth).
Your rubbery body absorbs attacks (AC +1).


Message History

The orc wizard hits you with an orcish dagger.
The orc barely misses you.
The orc wizard points at you and mumbles some strange words.
The puff of frost hits you!
One of your 2 white potions freezes and shatters!
You hit the orc but do no damage. Your grab misses the orc.
You constrict the orc wizard, but do no damage.
The orc wizard closely misses you.
The orc hits you with a glowing orcish flail.
* * * LOW HITPOINT WARNING * * *
Unknown command.
Casting: Flame Tongue
Confirm with . or Enter, or press ? or * to list all spells.
Aiming: Flame Tongue
Press: ? - help, Shift-Dir - straight line, f - orc
Aim: an orc, wielding a glowing orcish flail and wearing an orcish chain mail The flame hits the orc.
The orc appears unharmed.
You constrict the orc wizard.
The orc wizard gestures at you while chanting.
The puff of flame hits you!
You die...

#.......#
#....r..#
+....?..#
#....o..#
###o# ##.J.#
#..###
###o#########
######.##
#..o@.......#
.........#
#...........#
.......a.
#...........#
.......
+...........#
.....
#...........#
...
#...........#
#.#
#..........∩#
#.#
#...........#
#.##
#######'###


You could see an orc wizard and an orc.

Vanquished Creatures
  A worm (D:2)
  A giant eyeball (D:4)
  A giant gecko (D:2)
  6 goblins
  3 hobgoblins
  5 kobolds
  An ooze (D:4)
  3 bats
  2 giant newts
  A hobgoblin skeleton (D:3)
  2 rats (D:1)
26 creatures vanquished.

Notes
Turn   | Place    | Note
--------------------------------------------------------------
     0 | D:1      | 4tharraofdagon, the Octopode Fire Elementalist, began the quest for the Orb.
     0 | D:1      | Reached XP level 1. HP: 11/11 MP: 3/3
   182 | D:1      | Reached XP level 2. HP: 12/17 MP: 4/4
   436 | D:3      | Reached XP level 3. HP: 8/21 MP: 3/6
   441 | D:3      | Learned a level 3 spell: Conjure Flame
   511 | D:4      | Found a staircase to the Ecumenical Temple.
   520 | Temple   | Entered the Ecumenical Temple
   534 | Temple   | Became a worshipper of Vehumet
   639 | D:4      | Found Stoic's Magic Scroll Shop.
   645 | D:4      | Paralysed by a giant eyeball for 4 turns
   663 | D:4      | Bought a scroll of teleportation for 33 gold pieces
   689 | D:4      | Killed from afar by an orc wizard

Action                   || total
-------------------------++-------
Melee: Dagger            ||    34
       Unarmed           ||     1
 Cast: Flame Tongue      ||    17
 Stab: Sleeping          ||     3
